 Dungeon Crawl Stone Soup version 0.21.1-1-g345015f (webtiles) character file.

69 doot the Poker (level 4, 0/34 HPs)
             Began as a Merfolk Skald on June 11, 2018.
             Slain by inc's ghost (7 damage)
             ... on level 3 of the Dungeon.
             The game lasted 00:06:49 (1715 turns).

doot the Poker (Merfolk Skald)                      Turns: 1715, Time: 00:06:50

Health: 0/34       AC:  4    Str: 12    XL:     4   Next: 20%
Magic:  0/7        EV: 12    Int: 15    God:
Gold:   62         SH:  0    Dex: 13    Spells: 2/7 levels left

rFire    . . .     SeeInvis .   a - +0 spear
rCold    . . .     Gourm    .   (no shield)
rNeg     . . .     Faith    .   b - +0 leather armour
rPois    .         Spirit   .   l - +0 helmet
rElec    .         Reflect  .   (no cloak)
rCorr    .         Harm     .   (no gloves)
MR       .....                  (no boots)
Stlth    +.........             (no amulet)
HPRegen  0.11/turn              e - +3 ring of intelligence
MPRegen  0.10/turn              (no ring)

@: infused, very slightly contaminated
A: change form in water, swift swim, stealthy swim
a: no special abilities


You were on level 3 of the Dungeon.
You were not hungry.

You visited 1 branch of the dungeon, and saw 3 of its levels.

You collected 62 gold pieces.

Inventory:

Hand Weapons
 a - a +0 spear (weapon)
Armour
 b - a +0 leather armour (worn)
 l - a +0 helmet (worn)
Jewellery
 e - a +3 ring of intelligence (left hand)
Scrolls
 g - a scroll of teleportation {unknown}
 h - a scroll of enchant weapon {unknown}
 i - a scroll of noise {unknown}
 j - 5 scrolls of identify {unknown}
 k - a scroll of amnesia {unknown}
 m - a scroll of remove curse {unknown}
Potions
 f - 2 potions of degeneration {unknown}
 n - a potion of cancellation {unknown}
Books
 c - a book of Battle

   Spells                             Type                      Level
   a - Infusion                       Charms                       1
   b - Shroud of Golubria             Charms/Translocation         2
   c - Song of Slaying                Charms                       2
   d - Spectral Weapon                Hexes/Charms                 3
   e - Regeneration                   Charms/Necromancy            3
Comestibles
 d - 7 rations
 o - a chunk of flesh


   Skills:
 + Level 2.5 Fighting
 * Level 4.8 Polearms
 + Level 1.1 Armour
 + Level 2.7 Dodging
 + Level 0.2 Stealth
 + Level 2.1 Spellcasting
 + Level 3.8 Charms


You had 2 spell levels left.
You knew the following spells:

 Your Spells              Type           Power        Failure   Level  Hunger
a - Infusion              Chrm           ##..         6%          1    #......
b - Song of Slaying       Chrm           ##......     9%          2    ###....
c - Shroud of Golubria    Chrm/Tloc      #.........   19%         2    ###....


Dungeon Overview and Level Annotations

Branches:
Dungeon (3/15)

Altars:
Zin

Annotations:
D:2 Terence
D:3 inc's ghost, amateur OpCj


Message History

Inc's ghost is heavily damaged.
Inc's ghost hits you.
You hit inc's ghost.
Inc's ghost is severely damaged.
Inc's ghost hits you.
You are too injured to fight recklessly!
You are too injured to fight recklessly!
You are too injured to fight recklessly!
You hit inc's ghost.
Inc's ghost is almost destroyed.
Inc's ghost hits you.
* * * LOW HITPOINT WARNING * * *
You hit inc's ghost.
Inc's ghost is almost destroyed.
Inc's ghost hits you.
* * * LOW HITPOINT WARNING * * *
You hit inc's ghost but do no damage.
Inc's ghost is almost destroyed.
Inc's ghost hits you!
You die...

.# ###..........#
.###..........###
.##..#####....#
.##.## ##W### #####
.##.# #.# ##...##
....# #.# ##....<##
.#### ##.# #.......#
.# #..# #.....(.# .#
#.## #@......# .# #.#
####W....## ##
#####.###.........#
##.....W...........#
...............<....#
...........#.#.....##
..........>..##...##
...................#
..#................#


You could see inc's ghost.

Vanquished Creatures
  2 adders
  An ooze (D:2)
  A worm (D:2)
  2 dart slugs (D:1)
  3 leopard geckos (D:1)
  3 giant cockroaches
  A goblin (D:2)
  7 hobgoblins
  A kobold (D:1)
  2 quokkas (D:2)
  4 bats (D:1)
  4 frilled lizards
  5 rats
36 creatures vanquished.

Notes
Turn   | Place    | Note
-------+----------+-------------------------------------------
     0 | D:1      | doot the Merfolk Skald began the quest for the Orb.
     0 | D:1      | Reached XP level 1. HP: 16/16 MP: 3/3
    68 | D:1      | Reached XP level 2. HP: 20/23 MP: 0/5
   206 | D:1      | Learned a level 2 spell: Song of Slaying
   209 | D:1      | Learned a level 2 spell: Shroud of Golubria
   363 | D:1      | Reached skill level 4 in Polearms
   397 | D:1      | Reached XP level 3. HP: 16/28 MP: 3/6
   766 | D:2      | Found a glowing silver altar of Zin.
  1080 | D:2      | Reached skill level 1 in Armour
  1340 | D:2      | Reached XP level 4. HP: 30/34 MP: 3/7
  1393 | D:2      | Noticed Terence
  1666 | D:3      | Noticed inc's ghost (amateur OpCj)
  1715 | D:3      | Slain by inc's ghost

Skill      XL: |  1  2  3 |
---------------+----------+-----
Polearms       | 4 |  4.8
Armour         | 1 |  1.1
Fighting       | |  2.5
Dodging        | |  2.7
Stealth        | |  0.2
Spellcasting   | |  2.1
Charms         | |  3.8

Action                   |  1- 3 |  4- 6 || total
-------------------------+-------+-------++-------
Melee: Spear             |   140 |    35 ||   175
 Cast: Infusion          |     9 |     2 ||    11
       Song of Slaying   |     1 |       ||     1
       Shroud of Golubri |       |     2 ||     2
 Stab: Sleeping          |     1 |       ||     1
  Eat: Chunk             |     2 |     1 ||     3
Armor: Leather armour    |    24 |    12 ||    36
Dodge: Dodged            |    65 |    11 ||    76
